Map: Beckett Industries LE

Players

SpeCial - Winner!

  • Race: Terran Terran
  • League: Master

Erik

  • Race: Zerg Zerg
  • League: Master

Event: DreamHack SC2 Masters 2021 Summer

VOD

Have the link to the VOD?

Description

Time

  • Played on: May 30, 2021, 6:45 p.m.
  • Length: 9:51

All games in this series

Show
View Real Time Build Order
Export as new Build Order

SpeCial Terran - Winner!

Build Orders: Reaper Expand 

Get SALT Encoding   

  12  0:00  SCV  
  13  0:12  SCV  
  14  0:17  Supply Depot  
  14  0:24  SCV  
  15  0:38  SCV  
  15  0:39  Barracks  
  16  0:44  Refinery  
  16  0:50  SCV  
  17  1:03  SCV  
  18  1:15  SCV  
  19  1:26  Reaper  
  19  1:27  Orbital Command  
  20  1:40  Command Center  
  20  1:49  Supply Depot  
  20  1:53  SCV  
  21  1:58  Marine  
  22  2:05  SCV  
  23  2:12  Factory  
  23  2:17  SCV  
  23  2:20  Marine  
  26  2:30  SCV  
  26  2:39  Barracks Reactor  
  26  2:42  SCV  
  27  2:49  Command Center  
  27  2:56  SCV  
  28  3:02  Bunker  
  28  3:03  Factory Tech Lab  
  28  3:06  Orbital Command  
  28  3:14  SCV  
  28  3:15  Marine x2  
  31  3:22  Cyclone  
  31  3:26  SCV  
  34  3:30  Refinery  
  34  3:32  SCV  
  35  3:34  Marine x2  
  35  3:38  SCV  
  38  3:44  SCV  
  38  3:47  Supply Depot  
  39  3:50  SCV  
  40  3:56  SCV  
  40  4:06  SCV  
  40  4:08  Orbital Command  
  38  4:10  Stimpack, Marine  
  38  4:12  SCV  
  38  4:13  Barracks  
  40  4:18  SCV  
  40  4:19  Starport  
  40  4:20  Factory Reactor  
  41  4:24  SCV  
  41  4:29  Marine  
  41  4:30  SCV  
  44  4:31  Barracks  
  44  4:36  SCV  
  44  4:37  Supply Depot  
  45  4:39  SCV  
  45  4:42  SCV  
  47  4:47  Marine  
  47  4:48  SCV  
  47  4:49  Orbital Command  
  49  4:54  SCV  
  49  4:59  Refinery  
  50  5:00  Refinery, SCV  
  50  5:02  Supply Depot  
  50  5:03  Marine x2  
  50  5:04  Marine  
  50  5:05  Factory Tech Lab  
  50  5:06  SCV  
  55  5:09  Medivac x2  
  55  5:12  SCV  
  60  5:19  Bunker, SCV  
  60  5:20  Bunker  
  60  5:21  Marine x2  
  64  5:23  Barracks Reactor  
  64  5:24  SCV x2  
  64  5:28  Marine  
  63  5:30  Siege Tank  
  63  5:31  SCV  
  67  5:36  SCV x2  
  67  5:38  Marine  
  67  5:39  Marine  
  71  5:43  SCV  
  71  5:45  Marine  
  71  5:47  Engineering Bay  
  71  5:48  Engineering Bay  
  71  5:49  SCV x2  
  75  5:51  Supply Depot  
  75  5:54  Combat Shield  
  75  5:55  SCV  
  75  5:56  Marine  
  77  5:59  Supply Depot, Marine  
  77  6:01  SCV  
  77  6:02  Marine, SCV  
  81  6:06  Siege Tank  
  84  6:15  Barracks  
  84  6:16  Barracks, Supply Depot  
  84  6:18  Terran Infantry Weapons Level 1  
  84  6:19  Terran Infantry Armor Level 1  
  84  6:21  SCV x2  
  84  6:22  SCV  
  87  6:27  Marine x5  
  92  6:35  Medivac, Supply Depot  
  92  6:36  SCV  
  92  6:37  SCV  
  92  6:39  Medivac  
  98  6:41  Supply Depot  
  98  6:43  SCV  
  98  6:46  Marauder  
  101  6:48  SCV  
  101  6:51  Marine x3  
  101  6:52  Marine  
  103  6:57  Siege Tank  
  106  7:02  Barracks Reactor, Supply Depot  
  106  7:03  Barracks Reactor, Supply Depot  
  106  7:04  SCV x2  
  106  7:05  SCV  
  106  7:08  Missile Turret  
  109  7:15  Marine x4  
  111  7:16  Marauder  
  111  7:19  SCV x3  
  118  7:25  Barracks x2  
  118  7:26  Barracks, Refinery  
  118  7:29  Supply Depot  
  118  7:32  Armory  
  118  7:33  Marine x3  
  118  7:35  Marine  
  122  7:38  Marauder  
  122  7:42  Supply Depot  
  122  7:43  Medivac  
  126  7:47  Medivac  
  126  7:52  Marine  
  126  7:53  Siege Tank  
  124  7:59  Marauder, Marine x7  
  133  8:06  Supply Depot  
  133  8:07  Supply Depot  
  133  8:12  Marine  
  136  8:14  Medivac  
  136  8:16  Barracks Tech Lab  
  136  8:17  Barracks Tech Lab, Medivac  
  136  8:18  Barracks Tech Lab  
  138  8:21  Marauder  
  138  8:27  Marine  
  124  8:34  Marine  
  124  8:35  Marauder, Marine x3  
  124  8:40  Marine x3  
  124  8:41  Marauder  
  129  8:42  Marauder  
  129  8:46  Marauder  
  129  8:47  Concussive Shells  
  133  8:48  Marine  
  133  8:52  Marine x2  
  133  8:53  Marine x2  
  133  8:54  Siege Tank  
  136  8:56  Marauder  
  136  9:01  Command Center, Marine x3  
  136  9:02  Medivac, Marauder  
  143  9:03  Marauder  
  143  9:06  Marine  
  143  9:07  Marine  
  149  9:10  Marine  
  149  9:13  Marine x2  
  149  9:14  Sensor Tower  
  149  9:15  Supply Depot  
  152  9:17  Marauder  
  152  9:21  Marine x2  
  152  9:23  Marauder  
  156  9:25  Marine x2  
  156  9:27  Marauder, Marine  
  156  9:28  Marine  
  156  9:29  Marauder  
  150  9:31  Marine x2  
Show
View Real Time Build Order
Export as new Build Order

Erik Zerg 

Build Orders: Hatch First 

Get SALT Encoding   

  12  0:00  Drone  
  13  0:07  Drone  
  14  0:16  Extractor, Drone  
  15  0:36  Hatchery  
  15  0:42  Extractor  
  13  0:43  Drone  
  13  0:49  Overlord  
  15  1:03  Spawning Pool  
  14  1:07  Drone  
  14  1:10  Drone  
  16  1:14  Drone  
  17  1:19  Extractor  
  17  1:20  Drone  
  17  1:29  Drone  
  19  1:40  Drone  
  19  1:50  Zergling x2  
  19  1:51  Queen  
  19  1:52  Queen  
  24  1:55  Drone  
  24  1:59  Drone  
  24  2:01  Drone  
  27  2:11  Roach Warren  
  27  2:13  Drone  
  27  2:19  Overlord  
  27  2:25  Spore Crawler  
  26  2:30  Extractor  
  27  2:39  Overlord  
  26  2:51  Roach  
  26  2:52  Roach x4  
  36  3:00  Roach  
  36  3:01  Drone  
  36  3:02  Drone x2  
  41  3:08  Drone x2  
  43  3:14  Drone  
  43  3:16  Overlord  
  43  3:27  Overlord  
  43  3:28  Overlord  
  43  3:30  Drone  
  44  3:37  Drone x3  
  49  3:41  Drone x2  
  49  3:47  Ravager  
  49  3:48  Metabolic Boost  
  50  3:49  Drone  
  50  3:55  Queen  
  51  4:06  Drone x6  
  52  4:15  Extractor  
  52  4:16  Extractor  
  46  4:23  Zergling x4  
  47  4:24  Zergling x2  
  47  4:25  Zergling x2  
  47  4:29  Hatchery  
  47  4:30  Queen  
  49  4:39  Overlord  
  49  4:47  Roach x4  
  57  4:53  Roach x3  
  57  4:55  Roach  
  65  5:04  Overlord  
  65  5:23  Zergling x16  
  73  5:33  Drone x2  
  75  5:36  Lair  
  75  5:42  Queen  
  77  5:46  Drone x3  
  77  5:49  Extractor  
  79  5:52  Drone  
  79  5:53  Evolution Chamber x2  
  74  5:57  Drone x2  
  74  6:04  Overlord  
  76  6:05  Drone x6  
  76  6:11  Drone x2  
  84  6:13  Drone x2  
  84  6:15  Drone x2  
  88  6:20  Zerg Missile Weapons Level 1  
  87  6:26  Zerg Ground Armor Level 1  
  87  6:28  Roach x3  
  87  6:31  Roach  
  95  6:34  Glial Reconstitution  
  95  6:39  Roach  
  97  6:41  Overlord x2  
  97  6:47  Overlord  
  95  6:56  Overlord  
  95  6:59  Drone x8  
  103  7:03  Extractor  
  103  7:04  Extractor, Drone x3  
  104  7:14  Drone x3  
  107  7:16  Overlord  
  107  7:19  Hatchery  
  107  7:21  Spore Crawler  
  105  7:24  Roach x3  
  105  7:25  Roach  
  112  7:31  Roach  
  112  7:32  Roach  
  112  7:36  Roach  
  126  7:37  Roach x4  
  126  7:39  Roach  
  126  7:44  Ravager x9  
  137  7:50  Roach  
  136  7:54  Ravager x2  
  125  7:58  Queen  
  125  8:00  Roach x5  
  125  8:04  Overlord x2  
  137  8:15  Infestation Pit  
  137  8:17  Queen  
  135  8:23  Roach  
  135  8:24  Roach x5  
  98  8:45  Roach x12  
  118  8:51  Roach x3  
  118  9:02  Roach x5  
  125  9:12  Zergling x6  
  125  9:13  Zergling x8  
  125  9:16  Ravager x3  
  135  9:23  Zergling x8  
  131  9:26  Ravager x2  
Tags
 
Add a new tag
Caveats
  • Supply blocks, unpowered buildings, or Contaminate may cause inaccurate times.
  • Supply counts are checked every 10 seconds.